Map: Void Thrashing

Players

Chacal

  • Race: Protoss Protoss
  • Spawn Location: 9:00

Ratl

  • Race: Protoss Protoss
  • League: Silver
  • Spawn Location: 6:00

VOD

Have the link to the VOD?

Description

Time

  • Played on: Jan. 12, 2020, 5:41 p.m.
  • Length: 20:15
Show
View Real Time Build Order
Export as new Build Order

Chacal Protoss 

Build Orders:  

Get SALT Encoding   

  12  0:02  Probe (Chrono Boost)  
  13  0:14  Probe (Chrono Boost)  
  14  0:57  Assimilator  
  14  1:04  Assimilator  
  14  1:18  Pylon  
  14  1:32  Pylon  
  14  1:39  Probe (Chrono Boost)  
  15  1:51  Probe (Chrono Boost)  
  16  2:03  Probe (Chrono Boost)  
  16  2:04  Gateway  
  17  2:11  Gateway  
  17  2:15  Probe (Chrono Boost)  
  18  2:22  Gateway  
  18  2:28  Probe (Chrono Boost)  
  18  2:35  Forge  
  19  2:41  Probe (Chrono Boost)  
  20  2:53  Probe (Chrono Boost)  
  21  3:05  Probe (Chrono Boost)  
  22  3:18  Probe (Chrono Boost)  
  23  3:30  Probe (Chrono Boost)  
  24  3:42  Probe (Chrono Boost)  
  25  3:54  Protoss Ground Weapons Level 1  
  25  4:13  Shield Battery  
  25  4:20  Probe (Chrono Boost)  
  26  4:32  Probe (Chrono Boost)  
  27  4:44  Probe (Chrono Boost)  
  28  4:56  Probe (Chrono Boost), Sentinel  
  31  5:17  Pylon  
  31  5:20  Pylon  
  31  5:25  Pylon  
  31  5:26  Pylon  
  31  5:31  Pylon  
  31  5:32  Pylon  
  31  5:37  Pylon x2, Sentinel x2  
  31  5:40  Probe (Chrono Boost)  
  36  6:10  Sentinel  
  36  6:11  Probe (Chrono Boost)  
  39  6:23  Probe (Chrono Boost)  
  40  6:34  Sentinel  
  40  6:35  Probe (Chrono Boost), Cybernetics Core  
  40  6:38  Sentinel  
  43  6:49  Sentinel  
  47  7:07  Sentinel  
  49  7:22  Sentinel  
  51  7:40  Energizer x2  
  55  7:55  Energizer  
  49  8:00  Probe (Chrono Boost)  
  58  8:12  Probe (Chrono Boost), Energizer x2  
  63  8:27  Sentinel  
  65  8:44  Energizer, Sentinel  
  69  9:00  Sentinel  
  71  9:21  Sentinel  
  71  9:26  Sentinel  
  73  9:33  Sentinel  
  77  9:45  Probe (Chrono Boost)  
  78  9:54  Sentinel  
  78  9:57  Probe (Chrono Boost)  
  81  10:06  Sentinel  
  81  10:08  Nexus  
  83  10:27  Sentinel  
  83  10:39  Energizer  
  87  11:00  Sentinel  
  71  12:11  Probe (Chrono Boost)  
  71  12:14  Energizer  
  71  12:17  Sentinel  
  74  12:21  Sentinel  
  74  12:26  Probe (Chrono Boost)  
  79  12:41  Probe (Chrono Boost)  
  79  12:42  Energizer  
  79  12:44  Sentinel  
  79  12:46  Sentinel  
  80  12:55  Probe (Chrono Boost)  
  80  12:58  Energizer  
  87  13:03  Sentinel  
  87  13:06  Probe (Chrono Boost)  
  87  13:07  Sentinel  
  87  13:13  Probe (Chrono Boost)  
  90  13:20  Probe (Chrono Boost)  
  96  13:30  Energizer  
  96  13:36  Sentinel  
  98  13:40  Sentinel  
  102  14:02  Sentinel  
  102  14:09  Sentinel  
  104  14:14  Energizer  
  104  14:18  Probe (Chrono Boost), Assimilator  
  109  14:32  Probe (Chrono Boost)  
  110  14:41  Sentinel  
  110  14:47  Sentinel  
  110  15:01  Energizer  
  110  16:20  Assimilator  
  110  16:51  Pylon  
  110  16:52  Pylon  
  110  17:00  Pylon  
  110  17:07  Pylon  
  110  17:11  Sentinel  
  110  17:12  Energizer, Sentinel, Pylon  
  110  17:17  Probe (Chrono Boost), Pylon  
  117  17:20  Pylon  
  117  17:22  Pylon  
  117  17:29  Pylon  
  117  17:31  Probe (Chrono Boost)  
  118  17:44  Sentinel x2  
  118  17:45  Sentinel  
  122  17:58  Probe (Chrono Boost)  
  125  18:13  Probe (Chrono Boost)  
  125  18:17  Energizer  
  125  18:18  Energizer, Sentinel  
  126  18:28  Probe (Chrono Boost)  
  133  18:43  Probe (Chrono Boost)  
  133  18:49  Sentinel  
  134  18:50  Sentinel  
  134  18:51  Energizer  
  134  18:57  Probe (Chrono Boost)  
  109  19:22  Sentinel  
  109  19:23  Energizer x2  
Show
View Real Time Build Order
Export as new Build Order

Ratl Protoss 

Build Orders:  

Get SALT Encoding   

  12  0:00  Probe (Chrono Boost)  
  13  0:12  Probe (Chrono Boost)  
  14  0:29  Pylon  
  14  0:39  Probe (Chrono Boost)  
  15  0:53  Probe (Chrono Boost)  
  15  0:59  Gateway  
  16  1:06  Probe (Chrono Boost)  
  17  1:15  Assimilator  
  17  1:18  Probe (Chrono Boost)  
  18  1:30  Probe (Chrono Boost)  
  18  1:37  Assimilator  
  19  1:42  Probe (Chrono Boost)  
  20  1:54  Probe (Chrono Boost)  
  20  1:55  Gateway  
  21  2:06  Probe (Chrono Boost)  
  22  2:18  Probe (Chrono Boost), Pylon  
  23  2:30  Pylon  
  23  3:03  Probe (Chrono Boost)  
  23  3:09  Cybernetics Core  
  24  3:10  Forge  
  24  3:15  Probe (Chrono Boost)  
  25  3:27  Probe (Chrono Boost), Pylon  
  25  3:33  Zealot  
  25  3:36  Zealot  
  30  3:53  Protoss Ground Weapons Level 1  
  30  3:54  Probe (Chrono Boost)  
  31  4:06  Forge  
  31  4:19  Dragoon  
  33  4:24  Zealot  
  33  4:27  Probe (Chrono Boost)  
  36  4:39  Probe (Chrono Boost)  
  37  5:04  Dragoon x2  
  37  5:05  Dragoon  
  43  5:33  Dragoon x2  
  47  5:59  Pylon  
  47  6:22  Probe (Chrono Boost), Nexus  
  47  6:26  Protoss Ground Armor Level 1  
  48  6:34  Probe (Chrono Boost)  
  49  6:46  Probe (Chrono Boost)  
  50  6:51  Twilight Council  
  50  6:59  Probe (Chrono Boost)  
  51  7:11  Probe (Chrono Boost)  
  52  7:24  Probe (Chrono Boost)  
  51  7:36  Probe (Chrono Boost)  
  51  7:39  Assimilator  
  48  7:44  Assimilator  
  46  7:55  Dragoon  
  46  7:56  Dragoon x2  
  46  7:57  Dragoon  
  54  8:06  Probe (Chrono Boost)  
  54  8:08  Probe (Chrono Boost)  
  56  8:18  Probe (Chrono Boost)  
  56  8:23  Probe (Chrono Boost)  
  58  8:30  Dragoon x2  
  58  8:57  Probe (Chrono Boost)  
  58  9:00  Probe (Chrono Boost)  
  58  9:08  Pylon  
  58  9:09  Probe (Chrono Boost)  
  60  9:15  Probe (Chrono Boost)  
  62  9:21  Pylon  
  62  9:25  Pylon  
  62  9:26  Protoss Ground Armor Level 2  
  62  9:27  Dragoon x2  
  62  9:28  Dragoon x2  
  70  9:40  Pylon  
  70  9:41  Probe (Chrono Boost)  
  70  9:44  Probe (Chrono Boost)  
  72  9:53  Probe (Chrono Boost)  
  72  9:59  Probe (Chrono Boost)  
  74  10:54  Dragoon  
  74  10:55  Dragoon x4  
  74  10:56  Dragoon  
  86  11:25  Dragoon x2  
  90  11:38  Protoss Ground Armor Level 3  
  90  11:45  Probe (Chrono Boost)  
  91  11:57  Protoss Shields Level 1  
  91  11:58  Gateway  
  91  12:00  Probe (Chrono Boost)  
  91  12:02  Gateway x2  
  91  12:04  Gateway  
  92  12:15  Probe (Chrono Boost)  
  93  12:25  Dragoon x4  
  99  12:42  Robotics Facility  
  99  12:44  Robotics Facility  
  99  12:46  Pylon, Singularity Charge  
  99  12:53  Pylon  
  99  12:57  Pylon  
  99  13:03  Pylon  
  99  13:15  Pylon  
  99  13:17  Probe (Chrono Boost)  
  99  13:21  Pylon  
  100  13:36  Robotics Facility  
  100  13:37  Dragoon x3  
  100  13:38  Charge, Dragoon, Robotics Facility  
  108  14:04  Zealot  
  108  14:05  Zealot x5  
  120  14:43  Dragoon  
  108  15:04  Protoss Ground Weapons Level 2  
  108  15:09  Protoss Shields Level 2  
  94  15:19  Dragoon x2  
  94  15:20  Dragoon x3  
  94  15:21  Dragoon x5  
  94  15:22  Dragoon x3  
  112  15:50  Dragoon  
  112  15:51  Dragoon x4  
  122  16:37  Zealot x6  
  122  16:38  Zealot  
  136  17:22  Immortal  
  136  17:28  Robotics Bay  
  140  18:03  Dragoon  
  142  18:44  Immortal  
  140  18:59  Pylon  
  140  19:00  Pylon  
  140  19:01  Pylon, Immortal x2  
  140  19:03  Pylon x2  
  140  19:06  Pylon x2  
  140  19:07  Pylon  
  142  19:10  Pylon  
  142  19:11  Pylon  
  142  19:12  Pylon  
  142  19:39  Dragoon x5  
  150  19:40  Dragoon x4  
  150  19:41  Dragoon x3  
  150  19:42  Dragoon  
Tags
 
Commander
ArtanisKarax
League
Silver
Matchup
Co-op
Add a new tag
Caveats
  • Supply blocks, unpowered buildings, or Contaminate may cause inaccurate times.
  • Supply counts are checked every 10 seconds.